 Dungeon Crawl Stone Soup version 0.28.0 (webtiles) character file.

Game seed: 2360624466078536608

74 bromine the Ducker (level 4, -1/44 HPs)
             Began as a Troll Berserker on Feb 10, 2022.
             Was a Follower of Trog (penitent).
             Slain by a polar bear (3 damage)
             ... created by the rage of Trog
             ... on level 2 of the Dungeon.
             The game lasted 00:05:13 (1946 turns).

bromine the Ducker (Troll Berserker)                Turns: 1946, Time: 00:05:14

Health: -1/44      AC:  4    Str: 25    XL:     4   Next: 9%
Magic:  3/3        EV: 10    Int:  3    God:    Trog [*.....]
Gold:   86         SH:  0    Dex: 11    Spells: 2/3 levels left

rFire   . . .      SeeInvis .   a - +0 hand axe
rCold   . . .      Faith    .   (no shield)
rNeg    . . .      Spirit   .   b - +0 animal skin
rPois   .          Reflect  .   (helmet restricted)
rElec   .          Harm     .   (no cloak)
rCorr   .          Rampage  .   (gloves unavailable)
Will    .....                   (boots unavailable)
Stlth   +.........              (no amulet)
HPRegen 0.94/turn               (no ring)
MPRegen 0.08/turn               (no ring)

@: no status effects
A: large, unfitting armour, claws 3, regeneration 1, shaggy fur 1, tough skin 1
a: Renounce Religion


You were on level 2 of the Dungeon.
You worshipped Trog.
Trog was demanding penance.
You visited 1 branch of the dungeon, and saw 2 of its levels.

You collected 86 gold pieces.

Inventory:

Hand Weapons
 a - a +0 hand axe (weapon)
Armour
 b - a +0 animal skin (worn)
Scrolls
 d - a scroll of torment {unknown}
 e - a scroll of acquirement {unknown}
 f - a scroll of vulnerability {unknown}
 h - a scroll of teleportation {unknown}
 i - a scroll of identify {unknown}
Potions
 c - a potion of magic {unknown}
 g - 2 potions of degeneration {unknown}


   Skills:
 + Level 2.8 Fighting
 + Level 3.1 Axes
 + Level 3.3 Dodging


You had 2 spell levels left.
You knew the following spells:

 Your Spells              Type           Power      Damage    Failure   Level
a - Beastly Appendage     Tmut           0%         N/A       52%         1

Your spell library contained the following spells:

 Spells                   Type           Power      Damage    Failure   Level
 Wereblood                Tmut           0%         N/A       67%         2
 Spider Form              Tmut/Pois      0%         N/A       88%         3


Dungeon Overview and Level Annotations

Branches:
Dungeon (2/15)

Altars:


Innate Abilities, Weirdness & Mutations

You are too large for most types of armour.
You have claws for hands.
Your natural rate of healing is unusually fast.
You are covered in fur. (AC +1)
You have tough skin. (AC +1)


Message History

You have reached level 4!
Things that are here:
an adder corpse; an adder corpse You see here a +0 short sword.
You start resting.
Magic restored.
You start waiting.
Done waiting.
Things that are here:
an adder corpse; an adder corpse
Things that are here:
a +0 dagger; a kobold corpse Done exploring.
Done exploring.
Things that are here:
a +0 dagger; a kobold corpse Trog sends monsters to punish you. 4 polar bears come into view.
You slash the polar bear!
The polar bear is lightly wounded.
You barely miss the polar bear.
You hit the polar bear but do no damage.
The polar bear is lightly wounded.
You hit the polar bear but do no damage.
The polar bear closely misses you. The polar bear claws you.
The polar bear claws you but does no damage.
The polar bear bites you. The polar bear barely misses you.
The polar bear claws you.
You closely miss the polar bear.
The polar bear is lightly wounded.
You hit the polar bear but do no damage.
The polar bear bites you! The polar bear claws you.
The polar bear barely misses you. x2; The polar bear claws you.
The polar bear claws you but does no damage.
The polar bear barely misses you. x2; The polar bear claws you.
* * * LOW HITPOINT WARNING * * *
The polar bear bites you!
* * * LOW HITPOINT WARNING * * *
The polar bear claws you.
You die...

########## ##......# #........#
##.......# #.....<..# #........#
#######........# ###.#......#
...............# #...#......##
#######........# #.###.......#
..### #..)†)...# #.# #######.###
#...######.########.#######).....
......###.....hh@hh..............
........###########.#######......
.......†....#### #.# #######
.......†)##....# #.#
.........#.....# #.#
........##.....# #.#
........###[#### #.# .......##
#.#### #.# #### #......# #....#
#.# ###..#


You could see 4 polar bears.

Vanquished Creatures
  3 adders (D:2)
  A dart slug (D:1)
  3 ball pythons
  4 bats
  3 endoplasms
  2 giant cockroaches (D:1)
  2 goblins (D:1)
  5 hobgoblins
  3 jackals (D:2)
  5 kobolds
  2 quokkas (D:1)
  4 frilled lizards
  4 rats
41 creatures vanquished.

Notes
Turn   | Place    | Note
-------+----------+-------------------------------------------
     0 | D:1      | bromine the Troll Berserker began the quest for the Orb.
     0 | D:1      | Reached XP level 1. HP: 22/22 MP: 0/0
   197 | D:1      | Found a faded altar of an unknown god.
   284 | D:1      | Reached XP level 2. HP: 29/29 MP: 1/1
  1425 | D:2      | Reached XP level 3. HP: 36/36 MP: 2/2
  1551 | D:2      | Reached ** piety under Trog
  1672 | D:2      | Was placed under penance by Trog
  1674 | D:2      | Learned a level 1 spell: Beastly Appendage
  1809 | D:2      | Reached XP level 4. HP: 43/44 MP: 1/3
  1944 | D:2      | Noticed a polar bear
  1944 | D:2      | Noticed a polar bear
  1944 | D:2      | Noticed a polar bear
  1944 | D:2      | Noticed a polar bear
  1946 | D:2      | HP: 2/44 [polar bear[the rage of Trog] (10)]
  1946 | D:2      | Slain by a polar bear

Illustrated notes

Levels and vault maps discovered:
D:1:      roderic_lyre, layout_loops_corners,
          hellmonk_ecumenical_altar_arch_garden
D:2:      minmay_skewed_foursquare, layout_rooms

Skill      XL: |  1  2  3 |
---------------+----------+-----
Dodging        | 3 |  3.3
Axes           | 3 |  3.1
Fighting       | |  2.8

Action                   |  1- 3 |  4- 6 || total
-------------------------+-------+-------++-------
Melee: Hand axe          |   113 |     3 ||   116
       Punch             |     2 |       ||     2
       Kick              |     3 |       ||     3
       Headbutt          |     2 |       ||     2
 Cast: Beastly Appendage |     1 |       ||     1
Invok: Berserk           |     1 |       ||     1
Armor: Animal skin       |   102 |     2 ||   104
Dodge: Dodged            |   121 |     6 ||   127
